 Dungeon Crawl Stone Soup version 0.18.1-8-gdd0e5ea (webtiles) character file.

26 juanjsm the Sneak (level 2, -7/13 HPs)
             Began as a Spriggan Enchanter on May 27, 2016.
             Killed by nerve-wracking pain
             ... invoked by Jessica
              (14 damage)
             ... on level 2 of the Dungeon.
             The game lasted 00:03:44 (1108 turns).

juanjsm the Sneak (Spriggan Enchanter)              Turns: 1108, Time: 00:03:45

Health: -7/13      AC:  3    Str:  4    XL:     2   Next: 89%
Magic:  6/6        EV: 18    Int: 16    God:
Gold:   41         SH:  0    Dex: 16    Spells: 2 memorised, 3 levels left

rFire  . . .     SeeInvis +     a - +1 dagger
rCold  . . .     Gourm    .     b - +1 robe
rNeg   . . .     Faith    .     (shield restricted)
rPois  .         Spirit   .     (helmet restricted)
rElec  .         Dismiss  .     (no cloak)
rCorr  .         Reflect  .     (gloves unavailable)
SustAt .         Harm     .     (boots unavailable)
MR     .....                    (no amulet)
Stlth  +++.......               (no ring)
                                (no ring)

@: very quick, not resistant to hostile enchantments, fairly stealthy
A: unfitting armour, see invisible, herbivore 3, speed 3, slow metabolism 2
a: no special abilities


You were on level 2 of the Dungeon.
You were not hungry.

You visited 1 branch of the dungeon, and saw 3 of its levels.

You collected 41 gold pieces.

Inventory:

Hand Weapons
 a - a +1 dagger (weapon)
Armour
 b - a +1 robe (worn)
Jewellery
 j - an uncursed ring of fire {unknown}
Scrolls
 e - 3 scrolls of immolation {unknown}
 g - a scroll of blinking {unknown}
 h - 2 scrolls of identify {unknown}
 k - a scroll of recharging {unknown}
Potions
 f - a potion of ambrosia {unknown}
 i - a potion of might {unknown}
Books
 c - a book of Maledictions

   Spells                             Type                      Level
   a - Corona                         Hexes                        1
   b - Ensorcelled Hibernation        Hexes/Ice                    2
   c - Confuse                        Hexes                        3
   d - Tukima's Dance                 Hexes                        3
   e - Dazzling Spray                 Conjuration/Hexes            3
Comestibles
 d - a bread ration


   Skills:
 + Level 1.1 Short Blades
 + Level 3.4 Dodging
 + Level 5.3 Stealth
 + Level 2.6 Spellcasting
 + Level 4.2 Hexes
 + Level 0.1 Ice Magic


You had 3 spell levels left.
You knew the following spells:

 Your Spells              Type           Power        Failure   Level  Hunger
a - Corona                Hex            ###....      4%          1    #......
b - Ensorcelled Hibernat  Hex/Ice        #.....       14%         2    ##.....


Dungeon Overview and Level Annotations

Branches:
Dungeon (3/15)

Altars:

Annotations:
D:2 Jessica


Innate Abilities, Weirdness & Mutations

You are tiny and cannot use many weapons and most armour.
You have supernaturally acute eyesight.
You are a herbivore.
You cover ground extremely quickly.
You need consume almost no food.


Message History

Things that are here:
a whip; 3 stones; a kobold corpse
There is a stone staircase leading down here.
You climb downwards.
There is a stone staircase leading up here.
A giant newt comes into view.
The helpless giant newt fails to defend itself.
You impale the giant newt!!
You kill the giant newt!
h - 2 scrolls labeled NANKIKLI ZISO (gained 1)
k - a scroll labeled FOGREFAN YLIHE You now have 41 gold pieces (gained 4).
Jessica the Apprentice Sorceress comes into view.
Jessica shouts!
Jessica casts a spell at you. Pain shoots through your body!
Jessica casts a spell at you. Pain shoots through your body!
Ouch! That really hurt!
You die...

##############..#######
#.....................#
#.#############.#####.#
#.#..............####.##
........................
#.#.##########......#+#
#.#.#### ###.#......
#.#...<# #.#......
..###### #@# ..... ..+
............... ..#
...........#+## .#
.###.@..#..# #....#..#
#....#..# #....# .#
#..... .#


You could see Jessica.

Vanquished Creatures
  4 giant geckos (D:1)
  A bat (D:1)
  2 giant cockroaches (D:1)
  3 goblins (D:1)
  4 hobgoblins (D:1)
  2 giant newts
  3 kobolds (D:1)
  A rat (D:1)
20 creatures vanquished.

Notes
Turn   | Place    | Note
--------------------------------------------------------------
     0 | D:1      | juanjsm the Spriggan Enchanter began the quest for the Orb.
     0 | D:1      | Reached XP level 1. HP: 9/9 MP: 5/5
   435 | D:1      | Reached XP level 2. HP: 10/13 MP: 4/6
   439 | D:1      | Learned a level 2 spell: Ensorcelled Hibernation
   521 | D:1      | Reached skill level 5 in Stealth
  1106 | D:2      | Noticed Jessica
  1108 | D:2      | Killed from afar by Jessica

Skill      XL: |  1  2 |
---------------+-------+-----
Stealth        | 5 |  5.3
Hexes          | 4 |  4.2
Short Blades   | |  1.1
Dodging        | |  3.4
Spellcasting   | |  2.6
Ice Magic      | |  0.1

Action                   || total
-------------------------++-------
Melee: Dagger            ||    47
 Cast: Corona            ||     5
       Ensorcelled Hiber ||     8
 Stab: Sleeping          ||    15
Armor: Robe              ||     3
Dodge: Dodged            ||    22
